 Dungeon Crawl Stone Soup version 0.26.1-11-gd32895ea62 (webtiles) character file.

Game seed: 12359883774911244012

2611 buriedalive the Nimble (level 9, -17/45 HPs)
             Began as a Deep Elf Conjurer on May 14, 2021.
             Demolished by an orc knight
             ... wielding a +3 halberd of protection
              (26 damage)
             ... in a bailey.
             The game lasted 00:17:30 (8098 turns).

buriedalive the Nimble (Deep Elf Conjurer)          Turns: 8098, Time: 00:17:31

Health: -17/45     AC:  8    Str:  4    XL:     9   Next: 34%
Magic:  3/18       EV: 15    Int: 33    God:
Gold:   294        SH:  5    Dex: 13    Spells: 8/18 levels left

rFire    . . .     SeeInvis .   q - +4 dagger (venom)
rCold    . . .     Faith    .   n - +2 buckler
rNeg     . . .     Spirit   .   D - +2 leather armour {Will+}
rPois    .         Reflect  .   p - +2 helmet
rElec    .         Harm     .   (no cloak)
rCorr    .         Rampage  .   (no gloves)
Will     +....                  (no boots)
Stlth    ++........             (no amulet)
HPRegen  0.15/turn              i - +6 ring of intelligence
MPRegen  0.16/turn              (no ring)

@: no status effects
A: no striking features
a: no special abilities


You were in a bailey.
You visited 1 branch of the dungeon, and saw 7 of its levels.
You also visited: Sewer and Bailey.

You collected 369 gold pieces.
You spent 75 gold pieces at shops.

Inventory:

Hand Weapons
 c - a +0 dagger
 q - a +4 dagger of venom (weapon)
Missiles
 j - 3 boomerangs
 l - 276 stones
 x - 4 silver boomerangs
 y - 14 poisoned darts (quivered)
 I - 5 datura-tipped darts
Armour
 a - a +0 robe
 b - a +0 leather armour
 n - a +2 buckler (worn)
 p - a +2 helmet (worn)
 B - a +2 robe of positive energy
 D - a +2 leather armour of willpower (worn)
 M - a +2 leather armour of cold resistance
Jewellery
 i - a +6 ring of intelligence (left hand)
Wands
 L - a wand of flame (26)
Scrolls
 g - 6 scrolls of remove curse
 h - a scroll of enchant armour
 o - a scroll of teleportation
 r - a scroll of immolation
 u - a scroll of fear
 w - 2 scrolls of blinking
 G - a scroll of amnesia {unknown}
 H - 2 scrolls of random uselessness {unknown}
Potions
 d - a potion of haste
 e - 2 potions of degeneration
 f - 2 potions of brilliance
 k - a potion of curing
 s - a potion of cancellation
 t - 2 potions of flight {unknown}
 v - 2 potions of magic {unknown}
 C - a potion of mutation {unknown}
 E - a potion of resistance {unknown}
 F - 4 potions of attraction {unknown}
 J - a potion of ambrosia {unknown}


   Skills:
 - Level 10.0 Dodging
 - Level 2.4 Stealth
 - Level 5.0 Spellcasting
 - Level 9.8 Conjurations
 + Level 5.9 Hexes


You had 8 spell levels left.
You knew the following spells:

 Your Spells              Type           Power        Failure   Level
a - Magic Dart            Conj           100%         1%          1
b - Searing Ray           Conj           100%         1%          2
c - Dazzling Flash        Conj/Hex       100%         1%          3
d - Fulminant Prism       Conj/Hex       28%          5%          4

Your spell library contained the following spells:

 Spells                   Type           Power        Failure   Level
 Iskenderun's Mystic Bla  Conj/Tloc      40%          19%         4


Dungeon Overview and Level Annotations

Branches:
Dungeon (8/15)              Sewer (visited)          Bailey (1/1)
 Temple: D:4-7         Lair: D:8-11

Altars:
Hepliaklqana
Qazlal
Uskayaw
Zin

Shops:
D:5 !

Annotations:
D:4 Dowan


Message History

You feel better.
The orc knight hits you from afar with a +3 halberd of protection!!
* * * LOW HITPOINT WARNING * * *
You feel better. The orc knight barely misses you.
You feel better.
The orc knight hits you but does no damage.
The orc knight misses you.
There is a gate leading back out of this place here.
You barely miss the orc knight.
The orc knight is lightly wounded.
The orc knight hits you with a +3 halberd of protection!
* * * LOW HITPOINT WARNING * * *
You barely miss the orc knight.
The orc knight is lightly wounded.
You hit the orc knight but do no damage.
The orc knight is poisoned.
The orc knight is lightly wounded.
The orc knight hits you with a +3 halberd of protection!!
Ouch! That really hurt!
You die...

#.'((≈≈...(...≈≈(('.#
#.###≈≈.......≈≈###.#
'.'≈≈...(...≈≈'('∩
###≈≈.......≈≈####
##≈...)...≈##
####...#### #...#
##'o'## ##..@..##
#.......# #...∩...#
##.....## #######


You could see an orc knight (very poisoned).

Vanquished Creatures
  An orc knight (Bailey)
  Sigmund (D:4)
  Menkaure (D:4)
  Edmund (D:5)
  Duvessa (D:4)
  A black bear (D:6)
  3 ice beasts (D:5)
  2 orc warriors
  A phantom (D:8)
  Purgy (Sewer)
  A centaur (D:5)
  A bullfrog (D:6)
  2 scorpions
  A centaur zombie (D:5)
  A hound (D:4)
  7 orc wizards
  Terence (D:2)
  5 worker ants
  A killer bee zombie (D:8)
  A howler monkey zombie (D:5)
  A worker ant zombie (D:5)
  Robin (D:2)
  4 adders
  A river rat (D:3)
  3 white imps
  An ufetubus (D:8)
  An adder skeleton (D:6)
  2 worms
  4 dart slugs
  9 leopard geckos
  19 orcs
  4 ball pythons
  9 giant cockroaches
  11 hobgoblins
  4 jackals
  A quokka (D:2)
  8 bats
  4 frilled lizards (Sewer)
  A giant cockroach zombie (D:6)
  16 goblins
  13 kobolds
  A leopard gecko zombie (D:5)
  A quokka skeleton (D:4)
  14 rats
167 creatures vanquished.

Notes
Turn   | Place    | Note
-------+----------+-------------------------------------------
     0 | D:1      | buriedalive the Deep Elf Conjurer began the quest for the
                  | Orb.
     0 | D:1      | Reached XP level 1. HP: 10/10 MP: 6/6
   187 | D:1      | Reached XP level 2. HP: 15/15 MP: 2/8
   589 | D:1      | Reached skill level 3 in Dodging
   616 | D:1      | Learned a level 2 spell: Searing Ray
  1101 | D:2      | Found a stormy altar of Qazlal.
  1112 | D:2      | Reached XP level 3. HP: 19/19 MP: 6/10
  1242 | D:2      | Found a hazy altar of Hepliaklqana.
  1705 | D:2      | Noticed Robin
  1822 | D:2      | Killed Robin
  1823 | D:2      | Reached skill level 5 in Conjurations
  1971 | D:2      | Reached XP level 4. HP: 24/24 MP: 9/12
  2286 | D:2      | Noticed Terence
  2298 | D:2      | Killed Terence
  2608 | D:3      | Reached skill level 4 in Dodging
  2665 | D:3      | Reached XP level 5. HP: 26/28 MP: 10/14
  2669 | D:3      | Found a glowing drain.
  2673 | Sewer    | Entered a sewer
  2764 | Sewer    | Noticed Purgy
  2775 | Sewer    | Killed Purgy
  2776 | Sewer    | Reached skill level 5 in Dodging
  2776 | Sewer    | Reached skill level 5 in Spellcasting
  3435 | D:3      | Found a hide-covered altar of Uskayaw.
  3845 | D:3      | Reached XP level 6. HP: 32/32 MP: 12/15
  3934 | D:4      | Noticed Menkaure
  3938 | D:4      | Killed Menkaure
  4122 | D:4      | Reached skill level 6 in Dodging
  4606 | D:4      | Reached XP level 7. HP: 36/36 MP: 12/16
  4689 | D:4      | Noticed Sigmund
  4697 | D:4      | Killed Sigmund
  4731 | D:4      | Reached skill level 7 in Dodging
  5374 | D:4      | Noticed Duvessa
  5374 | D:4      | Noticed Dowan
  5387 | D:4      | Killed Duvessa
  5502 | D:4      | Found a glowing silver altar of Zin.
  5573 | D:5      | Entered Level 5 of the Dungeon
  5946 | D:5      | Reached skill level 8 in Dodging
  5946 | D:5      | Reached XP level 8. HP: 41/41 MP: 11/17
  6103 | D:5      | Found Geepsall's Distillery.
  6107 | D:5      | Bought a potion of heal wounds for 75 gold pieces
  6322 | D:5      | Noticed Edmund
  6335 | D:5      | Killed Edmund
  6625 | D:5      | Reached skill level 9 in Dodging
  7469 | D:6      | You fall into a shaft and drop 2 floors!
  7507 | D:8      | Reached skill level 10 in Dodging
  7507 | D:8      | Reached XP level 9. HP: 44/45 MP: 1/18
  7662 | D:8      | Found a flagged portal.
  7726 | Bailey   | Entered a bailey
  7774 | Bailey   | Learned a level 3 spell: Dazzling Flash
  7779 | Bailey   | Learned a level 4 spell: Fulminant Prism
  8040 | Bailey   | Noticed an orc knight
  8064 | Bailey   | Killed an orc knight
  8065 | Bailey   | Reached skill level 5 in Hexes
  8069 | Bailey   | Noticed an orc knight
  8098 | Bailey   | Demolished by an orc knight

Illustrated notes

Levels and vault maps discovered:
D:1:      dpeg_arrival_prison, layout_loops_ring, kennysheep_nondescript
D:2:      layout_loops_ring, nzn_hepliaklqana_mist_gate, serial_rivers,
          chequers_serial_rivers_marsh, chequers_serial_rivers_room_b,
          chequers_serial_rivers_marsh, chequers_serial_rivers_small_a,
          chequers_serial_rivers_large_b, chequers_serial_rivers_small_a,
          grunt_qazlal_sundering, uniq_robin, uniq_terence
D:3:      layout_basic, lemuel_coloured_pillars_altar, gup_sewer_entry_spiral
D:4:      layout_basic, marbit_many_paths, minmay_quadrilaterals, uniq_menkaure,
          uniq_duvessa, uniq_sigmund
D:5:      layout_loops_ring, serial_shops, shop, minmay_splitting_lines,
          uniq_edmund
D:6:      layout_rooms
D:8:      kennysheep_kobold_camp, layout_loops_ring, basic_altar, serial_shops,
          shop_scrolls, enter_bailey_4, lightli_corner_chamber, uniq_erica,
          uniq_prince_ribbit1
Bailey:   bailey_axe_3, bailey

Skill      XL: |  1  2  3  4  5  6  7  8  9 |
---------------+----------------------------+-----
Dodging        | 3 4 5 6 8 10 | 10.0
Spellcasting   | 4 5 |  5.0
Conjurations   | 5 6 8 9 |  9.8
Hexes          | 5 |  5.9
Stealth        | |  2.4

Action                   |  1- 3 |  4- 6 |  7- 9 || total
-------------------------+-------+-------+-------++-------
Melee: Dagger            |     7 |    65 |    19 ||    91
Throw: Dart              |       |       |    16 ||    16
       Boomerang         |       |       |     1 ||     1
 Cast: Magic Dart        |    59 |    45 |    33 ||   137
       Searing Ray       |     5 |    19 |    45 ||    69
       Dazzling Flash    |       |       |     1 ||     1
  Use: Scroll            |       |     1 |    15 ||    16
       Potion            |       |       |     4 ||     4
 Stab: Sleeping          |     3 |     1 |     1 ||     5
Armor: Leather armour    |     3 |    18 |     9 ||    30
Dodge: Dodged            |    15 |    50 |    34 ||    99
Block: Buckler           |     2 |    22 |    14 ||    38
